 Dungeon Crawl Stone Soup version 0.30-a0-613-gdd512c7efb (webtiles) character file.

Game seed: 16346365142441639716

63 acebull12 the Slasher (level 3, -3/33 HPs)
             Began as a Minotaur Monk on Jan 9, 2023.
             Killed from afar by an orc wizard (6 damage)
             ... with a puff of flame
             ... on level 2 of the Dungeon.
             The game lasted 00:04:06 (1893 turns).

acebull12 the Slasher (Minotaur Monk)               Turns: 1893, Time: 00:04:07

Health: -3/33      AC:  8    Str: 17    XL:     3   Next: 89%
Magic:  2/2        EV:  8    Int:  7    God:
Gold:   107        SH:  0    Dex: 12    Spells: 2/2 levels left

rFire   . . .      SeeInvis .    a - +0 falchion
rCold   . . .      Faith    .    (no shield)
rNeg    . . .      Spirit   .    e - +0 chain mail
rPois   .          Reflect  .    (helmet restricted)
rElec   .          Harm     .    (no cloak)
rCorr   .          Rampage  .    (no gloves)
Will    .....                    (no boots) Stlth
                                 (no amulet)
HPRegen 0.25/turn                (no ring)
MPRegen 0.08/turn                (no ring)

@: no status effects
A: horns 2, retaliatory headbutt
a: no special abilities


You were on level 2 of the Dungeon.
You visited 1 branch of the dungeon, and saw 3 of its levels.

You collected 107 gold pieces.

Inventory:

Hand Weapons
 a - a +0 falchion (weapon)
 j - the +1 sling of Ythregito {freeze, Will+ Stlth+}
   (You found it on level 2 of the Dungeon)

   Will:      It increases your willpower.
   Stlth:     It makes you more stealthy.
Missiles
 i - 7 stones (quivered)
Armour
 b - a +0 robe
 e - a +0 chain mail (worn)
Jewellery
 p - an amulet of the acrobat
Scrolls
 f - 3 scrolls of amnesia {unknown}
 g - 2 scrolls of identify {unknown}
 k - a scroll of torment {unknown}
 l - a scroll of immolation {unknown}
 n - a scroll of blinking {unknown}
 o - a scroll of fog {unknown}
Potions
 c - 2 potions of ambrosia
 d - 2 potions of flight {unknown}
 h - 4 potions of might {unknown}
 m - a potion of curing {unknown}


   Skills:
 * Level 4.2 Fighting
 * Level 4.8 Long Blades
 * Level 0.8 Armour
 + Level 3.8 Dodging
 + Level 1.5 Stealth


You had 2 spell levels left.
You didn't know any spells.
Your spell library contained the following spells:

 Spells                   Type           Power      Damage    Failure   Level
 Cigotuvi's Dreadful Rot  Necr/Pois/Air  0%         N/A       100%        2
 Poisonous Vapours        Pois/Air       0%         N/A       100%        2
 Mephitic Cloud           Conj/Pois/Air  0%         N/A       100%        3


Dungeon Overview and Level Annotations

Branches:
Dungeon (3/15)

Altars:


Innate Abilities, Weirdness & Mutations

You have a pair of horns on your head.
You reflexively headbutt those who attack you in melee.


Message History

The orc wizard hits you with a +0 dagger.
The orc hits you from afar with a +0 trident!
* * * LOW HITPOINT WARNING * * *
The orc hits you with a +0 falchion.
* * * LOW HITPOINT WARNING * * *
You are too injured to fight recklessly!
Unknown command.
The orc wizard attacks as you move away!
The orc wizard hits you but does no damage.
The orc wizard gestures at you while chanting.
You are confused.
You bump into the rock wall.
The orc wizard mumbles some strange words.
The orc wizard flickers and vanishes!
Deactivating autopickup; reactivate with Ctrl-A.
You bump into the rock wall.
The orc hits you with a +0 falchion.
* * * LOW HITPOINT WARNING * * *
The orc attacks as you move away! The orc barely misses you.
There is a stone staircase leading up here.
You hear some strange, mumbled words.
Something tries to affect you, but you resist.
The orc hits you but does no damage.
You climb upwards.
Reactivating autopickup.
There is a stone staircase leading down here.
Deactivating autopickup; reactivate with Ctrl-A.
You miss something. Your headbutt misses something.
You feel less confused.
Something hits you but does no damage. x2
You hit something. Something hits you but does no damage.
You hit something but do no damage. Your headbutt misses something.
Something hits you but does no damage.
You closely miss something. Something hits you but does no damage.
You miss something. Your headbutt misses something. Something hits you.
* * * LOW HITPOINT WARNING * * *
You completely miss something.
You hear some strange, mumbled words.
A puff of flame appears from out of thin air!
The puff of flame hits you.
You die...

### ### ### #.## #.# #.#
...#######.##############.#
........#.................####
#.#####.#.....#....<.........#
.......................##.##.#
#.#####.#..##.......#..##.##.#
..#####.#.........###..##.##.#
................@......##.##.#
#######.#...#....{#.#..##.##.#
...........##..............#.#
#######.#..###)...#........#.#
# #...............#..##..#.# #
#.#.#..#.#.#..#.....#..#.### #
#.#........................# #
#.###..............#####..## #
#.##......................#


There were no monsters in sight!

Vanquished Creatures
  2 adders (D:2)
  2 dart slugs (D:1)
  An orc (D:3)
  4 endoplasms (D:1)
  A giant cockroach (D:2)
  9 goblins
  5 hobgoblins
  4 ball pythons
  4 bats
  2 frilled lizards
  2 kobolds
  2 rats (D:1)
38 creatures vanquished.

Notes
Turn   | Place    | Note
-------+----------+-------------------------------------------
     0 | D:1      | acebull12 the Minotaur Monk began the quest for the Orb.
     0 | D:1      | Reached XP level 1. HP: 19/19 MP: 0/0
   246 | D:1      | Reached XP level 2. HP: 27/27 MP: 1/1
   877 | D:2      | Reached XP level 3. HP: 15/33 MP: 2/2
   941 | D:2      | Identified the +1 sling of Ythregito {freeze, Will+ Stlth+}
  1893 | D:2      | Killed from afar by an orc wizard

Illustrated notes

Levels and vault maps discovered:
D:1:      kennysheep_arrival_forest, layout_loops_cross, glass_columns_b
D:2:      layout_basic
D:3:      layout_basic

Skill      XL: |  1  2  3 |
---------------+----------+-----
Long Blades    | 4 |  4.8
Fighting       | 4 |  4.2
Armour         | |  0.8
Dodging        | |  3.8
Stealth        | |  1.5

Action                   || total
-------------------------++-------
Melee: Falchion          ||   108
       Headbutt          ||    10
       Punch             ||     1
 Fire: Sling             ||     9
Throw: Stone             ||     1
 Stab: Sleeping          ||     1
Armor: Robe              ||     6
       Chain mail        ||    59
Dodge: Dodged            ||    47

Table legend: (Time is in decaauts)
 A = Elapsed time spent in this place.
 B = Non-inter-level travel time spent in this place.
 C = Inter-level travel time spent in this place.
 D = Time resting spent in this place.
 E = Time spent auto-exploring this place.
 F = Levels seen in this place.
 G = Mean time per level.
                   A        B        C        D        E       F      G
               +--------+--------+--------+--------+--------+-----+--------+
         Total |   1907 |   1686 |    221 |     50 |   1318 |   3 |  635.7 |
       Dungeon |   1907 |   1686 |    221 |     50 |   1318 |   3 |  635.7 |
               +--------+--------+--------+--------+--------+-----+--------+

Top non-repeatable levels by time:
     D:2: 1016 daAuts
     D:1: 868 daAuts
     D:3: 22 daAuts
